Map: [ESL] Oceanborn

Players

Firefly

  • Race: Protoss Protoss
  • Spawn Location: 5:00

Jieshi - Winner!

  • Race: Protoss Protoss
  • Spawn Location: 11:00

Event: ESL SC2 Masters 2024 Spring (Regional)

VOD

Have the link to the VOD?

Description

Time

  • Played on: April 25, 2024, 7:25 a.m.
  • Length: 14:32

All games in this series

Show
View Real Time Build Order
Export as new Build Order

Firefly Protoss 

Build Orders: Phoenix Opening 

Get SALT Encoding   

  12  0:00  Probe  
  13  0:12  Probe  
  14  0:18  Pylon  
  14  0:24  Probe  
  15  0:36  Gateway  
  15  0:37  Probe (Chrono Boost)  
  16  0:47  Assimilator, Probe (Chrono Boost)  
  17  0:52  Probe (Chrono Boost)  
  18  0:57  Assimilator  
  18  1:03  Probe (Chrono Boost)  
  19  1:05  Pylon  
  19  1:14  Probe (Chrono Boost)  
  20  1:20  Probe (Chrono Boost)  
  20  1:23  Cybernetics Core  
  21  1:28  Zealot  
  21  1:32  Probe  
  24  1:44  Probe  
  25  1:59  Warp Gate (Chrono Boost), Probe, Sentry  
  28  2:08  Pylon  
  28  2:17  Nexus  
  28  2:22  Sentry  
  30  2:28  Shield Battery  
  30  2:36  Gateway  
  30  2:40  Phoenix  
  30  2:46  Robotics Facility  
  30  2:49  Probe  
  31  3:01  Probe  
  31  3:02  Pylon  
  32  3:06  Pylon  
  32  3:07  Sentry  
  32  3:12  Pylon  
  34  3:15  Probe  
  34  3:16  Pylon  
  35  3:27  Probe  
  35  3:29  Probe  
  37  3:39  Probe  
  37  3:40  Sentry, Stalker  
  42  3:48  Warp Prism (Chrono Boost)  
  42  3:49  Pylon  
  42  3:52  Probe  
  42  3:54  Probe  
  46  4:03  Stalker  
  46  4:05  Probe  
  49  4:11  Stalker  
  49  4:12  Probe  
  49  4:17  Probe  
  48  4:24  Probe  
  48  4:25  Observer  
  50  4:31  Probe  
  50  4:34  Adept x2  
  54  4:43  Probe  
  55  4:52  Immortal  
  59  5:04  Stalker x2  
  59  5:06  Probe x2, Pylon  
  63  5:28  Immortal (Chrono Boost)  
  63  5:35  Pylon  
  67  5:36  Twilight Council  
  67  5:42  Probe (Chrono Boost)  
  68  5:47  Probe (Chrono Boost)  
  68  5:48  Gateway, Assimilator  
  68  5:49  Assimilator  
  69  5:50  Gateway  
  69  5:59  Probe (Chrono Boost)  
  69  6:01  Probe (Chrono Boost)  
  69  6:03  Pylon  
  71  6:07  Blink (Chrono Boost)  
  71  6:10  Probe  
  72  6:12  Probe  
  72  6:15  Stalker x2  
  77  6:20  Observer  
  77  6:22  Probe  
  77  6:24  Probe  
  79  6:30  Immortal  
  83  6:47  Stalker x2  
  87  7:00  Observer  
  83  7:04  Stalker  
  83  7:08  Warp Prism (Chrono Boost)  
  81  7:09  Pylon  
  81  7:10  Pylon  
  81  7:13  Stalker x2  
  81  7:14  Stalker  
  83  7:20  Nexus  
  83  7:24  Gateway  
  83  7:30  Stalker  
  85  7:37  Stalker x2  
  85  7:42  Probe x2  
  91  7:46  Stalker  
  93  8:00  Stalker x3  
  93  8:01  Probe  
  92  8:20  Stalker x2  
  87  8:35  Probe x2  
  87  8:37  Stalker x3  
  81  8:52  Stalker x2  
  77  8:55  Probe x2  
  77  8:56  Probe  
  80  9:03  Forge, Pylon  
  80  9:04  Adept x3  
  80  9:07  Probe  
  80  9:08  Probe x2  
  93  9:30  Protoss Ground Weapons Level 1 (Chrono Boost)  
  93  9:34  Probe x2  
  93  9:35  Stalker x5  
  93  9:37  Probe  
  106  9:41  Charge  
  102  9:46  Probe  
  102  9:48  Gateway x2  
  102  9:49  Gateway  
  101  10:02  Stalker x5  
  115  10:19  Nexus  
  111  10:22  Pylon  
  111  10:23  Pylon  
  111  10:27  Gateway  
  111  10:37  Templar Archives  
  109  10:46  Zealot x7  
  123  10:51  Robotics Bay  
  123  10:53  Pylon  
  123  10:55  Pylon  
  117  11:04  Shield Battery  
  117  11:09  Stalker x5  
  127  11:14  Shield Battery  
  125  11:20  Stalker  
  125  11:22  Stalker  
  120  11:28  Stalker  
  120  11:32  Observer  
  115  11:37  Stalker x5  
  115  11:45  Stalker x2  
  115  11:48  Protoss Ground Weapons Level 2  
  108  12:01  Pylon  
  108  12:02  Stalker x3  
  94  12:17  Stalker x4  
  90  12:23  Stalker  
  90  12:26  Zealot x3  
  94  12:42  Zealot x3  
  94  12:43  Zealot  
  102  12:48  Zealot x3  
  94  13:08  Disruptor (Chrono Boost)  
  88  13:13  Nexus  
  88  13:14  Adept x2  
  88  13:15  Adept  
  94  13:23  Stalker x2  
  94  13:30  Zealot x2  
  92  13:46  Disruptor (Chrono Boost)  
  94  13:49  Probe x2  
  94  13:53  Probe  
  94  13:55  Zealot x6  
  107  14:01  Probe  
  106  14:10  Stalker x2  
  102  14:23  Stalker  
  102  14:24  Stalker x2  
Show
View Real Time Build Order
Export as new Build Order

Jieshi Protoss - Winner!

Build Orders:  

Get SALT Encoding   

  12  0:00  Probe  
  13  0:12  Probe  
  14  0:17  Pylon  
  14  0:24  Probe (Chrono Boost)  
  15  0:36  Gateway, Probe (Chrono Boost)  
  16  0:44  Probe (Chrono Boost)  
  16  0:46  Assimilator  
  17  0:51  Probe  
  17  0:54  Assimilator  
  18  1:03  Probe (Chrono Boost)  
  19  1:08  Gateway  
  19  1:13  Probe (Chrono Boost)  
  19  1:17  Probe (Chrono Boost)  
  20  1:25  Cybernetics Core  
  21  1:29  Probe  
  22  1:34  Pylon  
  22  1:41  Probe  
  23  1:53  Probe  
  24  1:56  Pylon  
  24  1:59  Warp Gate (Chrono Boost)  
  24  2:01  Adept x2  
  28  2:10  Pylon  
  28  2:31  Adept x2  
  32  2:43  Nexus  
  32  2:45  Probe  
  33  3:01  Probe, Adept x2  
  38  3:12  Pylon  
  38  3:13  Probe  
  38  3:19  Robotics Facility  
  39  3:30  Probe  
  40  3:40  Adept  
  40  3:41  Adept  
  44  3:42  Probe (Chrono Boost)  
  45  3:54  Probe (Chrono Boost)  
  46  3:56  Twilight Council  
  46  3:59  Probe (Chrono Boost)  
  48  4:03  Probe (Chrono Boost)  
  48  4:06  Sentry x2  
  48  4:07  Observer, Probe (Chrono Boost)  
  53  4:11  Probe (Chrono Boost)  
  53  4:12  Probe (Chrono Boost)  
  52  4:21  Probe  
  49  4:24  Probe  
  49  4:31  Stalker  
  50  4:33  Stalker  
  50  4:34  Probe  
  55  4:38  Immortal (Chrono Boost)  
  55  4:41  Probe  
  54  4:46  Probe  
  54  4:51  Blink (Chrono Boost)  
  55  4:53  Probe, Shield Battery  
  55  4:58  Probe  
  55  5:05  Probe  
  55  5:06  Assimilator  
  56  5:10  Probe  
  56  5:12  Adept, Shield Battery  
  59  5:14  Adept  
  59  5:17  Probe  
  61  5:29  Probe  
  61  5:31  Gateway  
  61  5:37  Stalker  
  61  5:38  Probe  
  61  5:41  Probe  
  62  5:53  Pylon  
  62  5:55  Pylon  
  62  5:57  Gateway  
  62  6:02  Nexus  
  62  6:05  Pylon  
  62  6:11  Probe  
  65  6:15  Forge  
  65  6:16  Immortal  
  67  6:22  Stalker x2  
  67  6:24  Robotics Bay  
  71  6:26  Probe  
  71  6:27  Shield Battery  
  71  6:28  Probe  
  73  6:36  Protoss Ground Weapons Level 1 (Chrono Boost)  
  73  6:38  Stalker  
  75  6:44  Pylon  
  75  6:46  Probe  
  74  6:50  Stalker  
  74  6:51  Stalker  
  74  6:54  Probe  
  76  6:58  Probe  
  75  7:02  Stalker  
  75  7:04  Pylon  
  75  7:05  Pylon  
  75  7:06  Probe  
  75  7:10  Probe, Disruptor (Chrono Boost)  
  80  7:16  Pylon  
  80  7:18  Probe  
  80  7:20  Probe (Chrono Boost)  
  83  7:23  Probe (Chrono Boost)  
  83  7:26  Gateway, Shield Battery  
  83  7:27  Shield Battery  
  83  7:30  Disruptor (Chrono Boost)  
  83  7:32  Probe (Chrono Boost)  
  86  7:40  Probe x2 (Chrono Boost)  
  86  7:41  Probe (Chrono Boost)  
  86  7:42  Sentry  
  86  7:43  Stalker  
  95  7:46  Probe x2  
  97  7:56  Stalker  
  99  7:59  Stalker  
  99  8:05  Observer  
  101  8:10  Stalker  
  101  8:11  Stalker  
  96  8:19  Stalker  
  94  8:28  Stalker  
  94  8:29  Stalker  
  92  8:39  Warp Prism  
  92  8:40  Gateway  
  90  8:43  Gateway  
  90  8:45  Gateway  
  90  8:46  Stalker x2  
  84  8:48  Zealot  
  84  8:54  Stalker x2  
  84  8:55  Probe x3  
  90  8:57  Pylon  
  90  9:01  Photon Cannon  
  90  9:02  Charge (Chrono Boost), Photon Cannon  
  91  9:05  Pylon  
  92  9:17  Stalker, Nexus  
  88  9:20  Probe  
  88  9:21  Probe  
  87  9:32  Stalker x2, Probe  
  87  9:33  Probe  
  87  9:38  Pylon  
  93  9:44  Probe  
  93  9:45  Probe  
  95  9:47  Stalker x2, Zealot  
  95  9:48  Zealot  
  95  9:52  Zealot x2  
  104  9:59  Probe, Stalker  
  105  10:06  Photon Cannon, Shield Battery  
  105  10:09  Stalker  
  105  10:11  Probe (Chrono Boost)  
  107  10:23  Probe x2 (Chrono Boost)  
  107  10:24  Probe (Chrono Boost)  
  107  10:28  Probe (Chrono Boost)  
  107  10:29  Probe (Chrono Boost)  
  107  10:30  Probe (Chrono Boost)  
  107  10:31  Stalker  
  107  10:32  Zealot x2  
  107  10:33  Zealot  
  116  10:38  Probe (Chrono Boost)  
  116  10:39  Protoss Ground Weapons Level 2 (Chrono Boost)  
  118  10:43  Probe (Chrono Boost), Zealot x2  
  118  10:48  Probe (Chrono Boost)  
  123  10:56  Probe (Chrono Boost)  
  126  10:57  Probe (Chrono Boost)  
  126  10:58  Probe (Chrono Boost)  
  126  11:02  Probe (Chrono Boost)  
  121  11:06  Stalker x3  
  121  11:07  Zealot x2  
  121  11:09  Zealot x2  
  121  11:10  Stalker  
  127  11:29  Stalker x2  
  127  11:30  Zealot x4  
  127  11:31  Stalker  
  130  11:39  Probe  
  125  11:40  Stalker  
  119  11:50  Stalker x2  
  119  11:51  Probe, Stalker, Zealot  
  119  11:52  Zealot x2  
  122  12:00  Stalker  
  120  12:05  Zealot  
  120  12:08  Warp Prism  
  116  12:11  Probe  
  116  12:12  Probe x2  
  116  12:13  Zealot x4  
  116  12:14  Zealot  
  107  12:35  Stalker x6  
  107  12:36  Stalker  
  119  12:38  Zealot  
  119  12:39  Photon Cannon  
  119  12:41  Probe (Chrono Boost)  
  119  12:42  Gateway  
  125  12:44  Gateway  
  125  12:48  Probe x2 (Chrono Boost)  
  125  12:49  Probe (Chrono Boost)  
  125  12:50  Probe (Chrono Boost)  
  126  12:58  Zealot  
  128  12:59  Zealot  
  128  13:00  Zealot  
  128  13:01  Zealot x2  
  128  13:02  Immortal  
  134  13:09  Photon Cannon  
  134  13:10  Pylon  
  128  13:13  Photon Cannon  
  128  13:15  Shield Battery, Pylon  
  128  13:18  Pylon  
  126  13:27  Stalker x2  
  126  13:28  Probe (Chrono Boost)  
  126  13:32  Stalker  
  133  13:37  Probe (Chrono Boost)  
  133  13:41  Disruptor  
  135  13:48  Stalker x3  
  135  13:49  Zealot x4  
  149  13:57  Zealot x3  
  153  14:16  Stalker x4, Zealot x2  
  149  14:25  Zealot  
  149  14:26  Zealot x2  
  149  14:28  Stalker  
Tags
 
Add a new tag
Caveats
  • Supply blocks, unpowered buildings, or Contaminate may cause inaccurate times.
  • Supply counts are checked every 10 seconds.